 Dungeon Crawl Stone Soup version 0.28-a0-1510-gd0f6b136d3 (webtiles) character file.

Game seed: 8722946951925789484

67 kae the Insei (level 3, -4/26 HPs)
             Began as a Demonspawn Transmuter on Jan 14, 2022.
             Slain by a water moccasin zombie (5 damage)
             ... on level 3 of the Dungeon.
             The game lasted 00:02:05 (3561 turns).

kae the Insei (Demonspawn Transmuter)               Turns: 3561, Time: 00:02:05

Health: -4/26      AC:  2    Str: 10    XL:     3   Next: 98%
Magic:  4/6        EV: 19    Int: 16    God:
Gold:   87         SH:  4    Dex: 18    Spells: 2/6 levels left

rFire   . . .      SeeInvis .     - Unarmed
rCold   . . .      Faith    .   (shield currently unavailable)
rNeg    . . .      Spirit   .   (armour currently unavailable)
rPois   x          Reflect  .   (helmet currently unavailable)
rElec   .          Harm     .   (cloak currently unavailable)
rCorr   .          Rampage  .   (gloves currently unavailable)
Will    .....                   (boots currently unavailable)
Stlth   ++........              (no amulet)
HPRegen 0.08/turn               (no ring)
MPRegen 0.20/turn               (no ring)

@: spider-form (expiring)
A: venomous fangs, tiny, magic regeneration, condensation shield
a: End Transformation


You were on level 3 of the Dungeon.
You were a venomous arachnid creature.
You visited 1 branch of the dungeon, and saw 3 of its levels.

You collected 87 gold pieces.

Inventory:

Armour
 a - a +0 robe (melded)
 f - a +0 cloak (melded)
 h - a +0 pair of gloves (melded)
Scrolls
 b - 2 scrolls of immolation
 d - a scroll of amnesia {unknown}
Potions
 c - a potion of invisibility {unknown}
 g - a potion of curing {unknown}


   Skills:
 + Level 1.5 Fighting
 + Level 2.1 Dodging
 * Level 3.2 Unarmed Combat
 + Level 2.2 Spellcasting
 * Level 2.5 Transmutations
 * Level 0.8 Poison Magic


You had 2 spell levels left.
You knew the following spells:

 Your Spells              Type           Power      Damage    Failure   Level
a - Beastly Appendage     Tmut           18%        N/A       19%         1
b - Spider Form           Tmut/Pois      7%         N/A       52%         3

Your spell library contained the following spells:

 Spells                   Type           Power      Damage    Failure   Level
 Wereblood                Tmut           9%         N/A       26%         2
 Ignite Poison            Fire/Tmut/Pois 5%         N/A       58%         3
 Conjure Flame            Conj/Fire      1%         6-21      73%         3
 Portal Projectile        Hex/Tloc       2%         N/A       73%         3
 Ice Form                 Ice/Tmut       5%         N/A       90%         4
 Sticky Flame             Conj/Fire      1%         2d3       97%         4
 Blade Hands              Tmut           4%         N/A       97%         5
 Excruciating Wounds      Necr           0%         N/A       100%        5


Dungeon Overview and Level Annotations

Branches:
Dungeon (3/15)

Altars:
Makhleb
Trog
Wu Jian
The Shining One


Innate Abilities, Weirdness & Mutations

You are a venomous arachnid creature.
You have poisonous fangs.
You are tiny and dextrous.
Your spellcasting is less reliable in this form.
Your armour is entirely melded.
You are incapable of wielding weapons or throwing items.
You regenerate magic rapidly.
A meltable shield of frost defends you. (SH +4)


Message History

The spell is extremely dangerous to miscast (30% risk of failure)!
Continue anyway? [Y]es or [N]o only, please.
The spell is extremely dangerous to miscast (30% risk of failure)!
Continue anyway?
Your horns disappear.
Your talons disappear.
You turn into a venomous arachnid creature.
Your +0 cloak melds into your body.
Your +0 pair of gloves melds into your body.
Your +0 robe melds into your body.
You hit the endoplasm.
The endoplasm is heavily wounded.
The endoplasm freezes you.
You are frozen.
You bite the endoplasm!
You kill the endoplasm!
You hit the water moccasin zombie.
The water moccasin zombie is heavily damaged.
The water moccasin zombie bites you.
You hit the water moccasin zombie.
The water moccasin zombie is heavily damaged.
The water moccasin zombie closely misses you.
You hit the water moccasin zombie but do no damage.
The water moccasin zombie is heavily damaged.
Your transformation is almost over.
The water moccasin zombie completely misses you.
You barely miss the water moccasin zombie.
The water moccasin zombie is heavily damaged.
The water moccasin zombie closely misses you.
The water moccasin zombie bites you.
* * * LOW HITPOINT WARNING * * *
You bite the water moccasin zombie!
The water moccasin zombie is severely damaged.
The water moccasin zombie closely misses you.
You hit the water moccasin zombie.
The water moccasin zombie is severely damaged.
The water moccasin zombie bites you.
* * * LOW HITPOINT WARNING * * *
You barely miss the water moccasin zombie.
The water moccasin zombie is severely damaged.
The water moccasin zombie bites you.
You die...

#......####.# #.....
####...##...# #.....
####)..##.#######.....
#......#...<....'.....
#.....##..###.###.....
#.....##.(....# #.....
#.....##.#...#####....
#.....##>........)....
#....s##.#...#####....
#####Z##.##### #####
........##. !........
.......... ..####.....
. #...... ########


You could see a water moccasin zombie.

Vanquished Creatures
  An adder (D:2)
  A dart slug (D:1)
  2 ball pythons
  3 bats
  7 endoplasms
  6 giant cockroaches
  2 goblins (D:3)
  2 hobgoblins
  6 jackals
  2 quokkas (D:1)
  2 frilled lizards
  8 kobolds
  4 rats
46 creatures vanquished.

Notes
Turn   | Place    | Note
-------+----------+-------------------------------------------
     0 | D:1      | kae the Demonspawn Transmuter began the quest for the Orb.
     0 | D:1      | Reached XP level 1. HP: 15/15 MP: 3/3
   239 | D:1      | Found a faded altar of an unknown god.
   514 | D:1      | Gained mutation: You regenerate magic rapidly. [demonic
                  | ancestry]
   514 | D:1      | Reached XP level 2. HP: 14/21 MP: 3/5
  1067 | D:1      | Reached skill level 3 in Unarmed Combat
  1415 | D:1      | Gained mutation: A meltable shield of frost defends you.
                  | (SH +4) [demonic ancestry]
  1415 | D:1      | Reached XP level 3. HP: 26/26 MP: 4/6
  1419 | D:1      | Learned a level 3 spell: Spider Form
  2122 | D:2      | Found an ornate altar of the Wu Jian Council.
  3221 | D:3      | Found a bloodstained altar of Trog.
  3221 | D:3      | Found a burning altar of Makhleb.
  3560 | D:3      | HP: 1/26 [water moccasin zombie (5)]
  3561 | D:3      | Slain by a water moccasin zombie

Illustrated notes

Levels and vault maps discovered:
D:1:      nicolae_arrival_washed_ashore, layout_basic,
          hellmonk_ecumenical_altar_run_dry, hangedman_decor_points,
          serial_bayou_pond_b, minmay_misc_feat_enclosed
D:2:      layout_basic, basic_altar, minmay_misc_feat_tower, minivault_5,
          kennysheep_generic_room_4
D:3:      layout_basic, gammafunk_temple_overflow_forgotten

Skill      XL: |  1  2 |
---------------+-------+-----
Transmutations | 2 |  2.5
Unarmed Combat | 3 |  3.2
Dodging        | 2 |  2.1
Fighting       | |  1.5
Spellcasting   | |  2.2
Poison Magic   | |  0.8

Action                   || total
-------------------------++-------
Melee: Unarmed           ||   160
       Kick              ||    23
       Headbutt          ||    12
       Punch             ||     2
 Cast: Beastly Appendage ||    29
       Spider Form       ||     1
  Use: Scroll            ||     5
 Stab: Sleeping          ||     1
Armor: Robe              ||    38
Dodge: Dodged            ||   101
Block: Other             ||    16

Table legend: (Time is in decaauts)
 A = Elapsed time spent in this place.
 B = Non-inter-level travel time spent in this place.
 C = Inter-level travel time spent in this place.
 D = Time resting spent in this place.
 E = Time spent auto-exploring this place.
 F = Levels seen in this place.
 G = Mean time per level.
                   A        B        C        D        E       F      G
               +--------+--------+--------+--------+--------+-----+--------+
         Total |   3551 |   3352 |    199 |      0 |   2952 |   3 | 1183.7 |
       Dungeon |   3551 |   3352 |    199 |      0 |   2952 |   3 | 1183.7 |
               +--------+--------+--------+--------+--------+-----+--------+

Top non-repeatable levels by time:
     D:1: 1845 daAuts
     D:2: 1331 daAuts
     D:3: 374 daAuts
